 Dungeon Crawl Stone Soup version 0.31.0-11-ge490571c62 (webtiles) character file.

Game seed: 10112810142543700349

28 Gadfly the Trooper (level 3, 29/29 HPs)
             Began as a Demonspawn Monk on Feb 3, 2024.
             Quit the game on level 2 of the Dungeon.
             The game lasted 00:01:05 (955 turns).

Gadfly the Trooper (Demonspawn Monk)                 Turns: 955, Time: 00:01:05

Health: 29/29      AC:  3    Str: 13    XL:     3   Next: 0%
Magic:  3/3        EV: 13    Int: 10    God:
Gold:   59         SH:  0    Dex: 15    Spells: 2/2 levels left

rFire   . .          .
                       - Unarmed
rCold   + . .        c - orb {light}
rNeg    . . .        a - +0 robe
rPois   .            (no helmet)
rElec   .            d - +0 cloak
rCorr   .            (no gloves)
SInv    .            (no boots)
Will    .....        (no amulet)
Stlth   +            i - ring of protection from cold
HPRegen 0.24/turn    (no ring)
MPRegen 0.16/turn

%: no passive effects
@: glowing
A: claws 1, magic regeneration
a: no special abilities


You were on level 2 of the Dungeon.
You visited 1 branch of the dungeon, and saw 2 of its levels.

You collected 59 gold pieces.

Inventory:

Hand Weapons
 h - a +2 short sword of speed
Armour
 a - a +0 robe (worn)
 c - an orb of light (worn)
 d - a +0 cloak (worn)
Jewellery
 i - a ring of protection from cold (left claw)
Talismans
 e - a flux talisman
Scrolls
 f - a scroll of enchant weapon {unknown}
Potions
 b - a potion of ambrosia
 g - a potion of curing {unknown}


   Skills:
 - Level 3.0 Fighting
 + Level 2.9 Dodging
 * Level 3.0 Unarmed Combat
 * Level 1.2 Evocations
 * Level 0.8 Shapeshifting


You had 2 spell levels left.
You didn't know any spells.
Your spell library was empty.

Dungeon Overview and Level Annotations

Branches:
Dungeon (2/15)

Altars:


Innate Abilities, Weirdness & Mutations

You have sharp fingernails.
You regenerate magic rapidly.


Message History

No target in view!
No target in view!
No target in view!
No target in view!
No target in view!
No target in view!
No target in view!
No target in view!
No target in view!
No target in view!
No target in view!
No target in view!
Things that are here:
a +2 short sword of speed; a kobold corpse
h - a +2 short sword of speed You start resting.
HP restored.
Autopickup disabled for flux talismans.
You drop a flux talisman.
e - a flux talisman You see here a +1 pair of gloves.
You now have 59 gold pieces (gained 12).
Things that are here:
a +0 club; a goblin corpse
Found a dagger.
Found a stone staircase leading down.
i - a ring of protection from cold A dart slug comes into view.
A dart slug is nearby!
You scratch the dart slug.
The dart slug is severely wounded.
The dart slug barely misses you.
You claw the dart slug!
You kill the dart slug!
You have reached level 3!
Your experience leads to an increase in your attributes!
Increase (S)trength, (I)ntelligence, or (D)exterity?
You feel stronger. x2; Your demonic ancestry asserts itself...
Your magic begins to regenerate rapidly.
i - a ring of protection from cold (left claw) Are you sure you want to abandon this character and quit the game? (Confirm with "yes".)

.....####[####.##.#
.....##........##.#
.....†.........##.#
...............##.#
...........###.##.#
......####.# ##.#
#####.# #.# # #.#
#.# #.# #.##.#
#####.# #.# #.†@.#
......####.###.####
##................
.#.....#####.#.###
.....#.# #...
.....#.# >.#
.....#.# #...
...###.### ##.#
.........# .#


There were no monsters in sight!

Vanquished Creatures
  A dart slug (D:2)
  A ball python (D:1)
  5 bats
  5 endoplasms
  A giant cockroach (D:1)
  3 goblins
  2 hobgoblins (D:1)
  A frilled lizard (D:1)
  2 kobolds (D:2)
  3 rats (D:1)
24 creatures vanquished.

Notes
Turn   | Place    | Note
-------+----------+-------------------------------------------
     0 | D:1      | Gadfly the Demonspawn Monk began the quest for the Orb.
     0 | D:1      | Reached XP level 1. HP: 18/18 MP: 1/1
   113 | D:1      | Gained mutation: You have sharp fingernails. [demonic
                  | ancestry]
   113 | D:1      | Reached XP level 2. HP: 23/24 MP: 2/2
   493 | D:1      | Reached skill level 1 in Evocations
   642 | D:1      | Found a faded altar of an unknown god.
   954 | D:2      | Gained mutation: You regenerate magic rapidly. [demonic
                  | ancestry]
   954 | D:2      | Reached XP level 3. HP: 29/29 MP: 3/3
   955 | D:2      | Quit the game

Illustrated notes

Levels and vault maps discovered:
D:1:      eino_arrival_cavern_e, layout_basic, basic_ecumenical_altar
D:2:      layout_basic

Skill      XL: |  1  2 |
---------------+-------+-----
Evocations     | 1 |  1.2
Unarmed Combat | 3 |  3.0
Fighting       | |  3.0
Dodging        | |  2.9
Shapeshifting  | |  0.8

Action                     || total
---------------------------++-------
  Melee: Unarmed           ||    58
    Use: Scroll            ||     2
 Armour: Robe              ||    19
  Dodge: Dodged            ||    41
